Match 45250578
Unlisted

Match 45250578
End
Panzergrenadier Squad
250 Light Carrier
Selects Panzerjäger Kommand Battlegroup
Selects Blockade Equipment
250 Light Carrier
Panzerpioneer Squad
Selects GrB 39 Grenade Launcher Requisition
Construct Light Support Kompanie
MG34 Team
2.5-tonne Medical Truck
MG34 Team
Fire Support Elements
Selects Defensive Positions
Panzerjäger Mechanized Group
Flakvierling Half-track
Selects Butterfly Bomb Drop
Butterfly Bomb Drop
Flakvierling Half-track
Panzerjäger Squad
Selects Crew Shock Tactics
Crew Shock Tactics
Panzerjäger Mechanized Group
Butterfly Bomb Drop
Flakvierling Half-track
Butterfly Bomb Drop
Veteran Squad Leaders
[=v=]ClaudiaEnfield
⚓️Ruby⚓
smallNhii
Trivolka
0
0

Comments sign in to comment!

No comments posted yet!